 Dungeon Crawl Stone Soup version 0.16.1-51-g6203257 (webtiles) character file.

91 namelastname112 the Stinger (level 4, -1/38 HPs)
             Began as a Draconian Venom Mage on July 15, 2015.
             Slain by an orc wizard
             ... wielding a +0 dagger
              (2 damage)
             ... on level 4 of the Dungeon.
             The game lasted 00:05:12 (1961 turns).

namelastname112 the Stinger (Draconian Venom Mage)  Turns: 1961, Time: 00:05:14

Health: -1/38      AC:  7    Str: 11    XL:     4   Next: 34%
Magic:  1/7        EV: 13    Int: 15    God:
Gold:   156        SH:  0    Dex: 12    Spells: 1 memorised, 6 levels left

rFire  . . .     SeeInvis .     d - +0 short sword
rCold  . . .     Clarity  .     (armour unavailable)
rNeg   . . .     SustAb   .     (no shield)
rPois  .         Gourm    .     (helmet restricted)
rElec  .         Spirit   .     (no cloak)
rCorr  .         Warding  .     q - +0 pair of gloves
rMut   .         Stasis   .     n - +0 pair of boots
MR     .....                    (no amulet)
Stlth  ++........               (no ring)
                                (no ring)

@: very slightly contaminated, slowed, very slow, not resistant to hostile
enchantments, unstealthy
A: unfitting armour, cold-blooded, AC +5
a: no special abilities


You were on level 4 of the Dungeon.
You were not hungry.

You visited 1 branch of the dungeon, and saw 4 of its levels.

You collected 156 gold pieces.

Inventory:

Hand weapons
 d - a +0 short sword (weapon)
Armour
 n - a +0 pair of boots (worn)
 q - a +0 pair of gloves (worn)
Jewellery
 l - an uncursed ring of protection from fire {unknown}
Magical devices
 m - a wand of confusion (23)
Scrolls
 a - 2 scrolls of noise {unknown}
 e - 3 scrolls of identify {unknown}
 g - a scroll of immolation {unknown}
 i - a scroll of teleportation {unknown}
 o - a scroll of fear {unknown}
 p - a scroll of amnesia {unknown}
Potions
 f - a potion of mutation {unknown}
 j - a potion of haste {unknown}
 r - a potion of heal wounds {unknown}
 s - a potion of brilliance {unknown}
Books
 b - a Young Poisoner's Handbook

   Spells                             Type                      Level
   a - Sting                          Conjuration/Poison           1
   b - Cure Poison                    Poison                       2
   c - Mephitic Cloud                 Conjuration/Poison/Air       3
   d - Olgreb's Toxic Radiance        Poison                       4
   e - Venom Bolt                     Conjuration/Poison           5
Comestibles
 c - 2 bread rations
 h - a beef jerky
 k - a fruit


   Skills:
 + Level 3.1 Fighting
 + Level 3.1 Dodging
 - Level 1.7 Stealth
 - Level 2.0 Spellcasting
 - Level 4.0 Poison Magic


You had 6 spell levels left.
You knew the following spells:

 Your Spells              Type           Power        Failure   Level  Hunger
z - Sting                 Conj/Pois      #...         12%         1    #......


Dungeon Overview and Level Annotations

Branches:
Dungeon (4/15)
 Temple: D:4-7

Altars:


Innate Abilities, Weirdness & Mutations

Your plain brown scales are hard (AC +5).
Your body does not fit into most forms of armour.
Your cold-blooded metabolism reacts poorly to cold.


Message History

The orc wizard gestures wildly while chanting.
The orc wizard blinks!
Casting: Sting
Confirm with . or Enter, or press ? or * to list all spells.
You don't have enough magic to cast that spell.
The orc wizard points at you and mumbles some strange words.
You feel yourself slow down.
The orc wizard hits you but does no damage.
You barely miss the orc wizard.
Your tail-slap misses the orc wizard.
The orc wizard is almost dead.
The orc wizard points at you and mumbles some strange words.
The magic dart hits you!
* * * LOW HITPOINT WARNING * * *
You hit the orc wizard.
The orc wizard is almost dead.
The orc wizard gestures at you while chanting.
The magic dart hits you!
* * * LOW HITPOINT WARNING * * *
The orc wizard hits you with a dagger.
You die...

.. . ...#
... ...
#...#####..
#.........
...$.....
#....##
#..@.#
##.o.#
#.....
##......
#.......#
....##..
....# #
##..# .


You could see an orc wizard.

Vanquished Creatures
  Robin (D:3)
  An adder (D:2)
  A giant gecko (D:3)
  6 bats
  4 giant cockroaches
  11 hobgoblins
  6 jackals
  10 kobolds
  A ball python (D:3)
  A giant newt (D:1)
  18 goblins
  7 rats
67 creatures vanquished.

Notes
Turn   | Place    | Note
--------------------------------------------------------------
     0 | D:1      | namelastname112, the Draconian Venom Mage, began the quest for the Orb.
     0 | D:1      | Reached XP level 1. HP: 14/14 MP: 3/3
   230 | D:1      | Reached skill level 1 in Fighting
   365 | D:1      | Reached XP level 2. HP: 20/23 MP: 1/4
   774 | D:1      | Reached XP level 3. HP: 14/29 MP: 0/6
  1588 | D:3      | Noticed Robin
  1619 | D:3      | Reached XP level 4. HP: 28/37 MP: 1/7
  1642 | D:3      | Killed Robin
  1961 | D:4      | HP: 1/38 [orc wizard/magic dart (6)]
  1961 | D:4      | Slain by an orc wizard

Action                   |  1- 3 |  4- 6 || total
-------------------------+-------+-------++-------
Melee: Unarmed           |     9 |       ||     9
       Short sword       |    76 |    26 ||   102
 Cast: Sting             |    59 |    18 ||    77
 Stab: Sleeping          |     1 |       ||     1
  Eat: Chunk             |     3 |     2 ||     5
